 Dungeon Crawl Stone Soup version 0.28-a0-529-g3bad584f25 (webtiles) character file.

Game seed: 5698732039934967523

99 Gwenloh the Insei (level 4, -4/33 HPs)
             Began as a Merfolk Transmuter on Sept 25, 2021.
             Killed from afar by Ijyb (6 damage)
             ... with a puff of flame
             ... on level 2 of the Dungeon.
             The game lasted 00:08:54 (3931 turns).

Gwenloh the Insei (Merfolk Transmuter)              Turns: 3931, Time: 00:08:54

Health: -4/33      AC:  2    Str: 10    XL:     4   Next: 72%
Magic:  6/7        EV: 13    Int: 13    God:
Gold:   128        SH:  0    Dex: 14    Spells: 2/8 levels left

rFire   . . .      SeeInvis .     - Unarmed
rCold   + + .      Faith    .   (no shield)
rNeg    . . .      Spirit   .   a - +0 robe
rPois   .          Reflect  .   (no helmet)
rElec   .          Harm     .   (no cloak)
rCorr   .          Rampage  .   (no gloves)
Will    .....                   (no boots)
Stlth   +.........              (no amulet)
HPRegen 0.11/turn               c - ring of protection from cold
MPRegen 0.10/turn               o - ring of protection from cold

@: no status effects
A: (nimble swimmer 2), mertail
a: no special abilities


You were on level 2 of the Dungeon.
You visited 1 branch of the dungeon, and saw 3 of its levels.

You collected 128 gold pieces.

Inventory:

Missiles
 g - 7 poisoned darts
Armour
 a - a +0 robe (worn)
 e - a +0 leather armour
Jewellery
 c - a ring of protection from cold (left hand)
 o - a ring of protection from cold (right hand)
Scrolls
 f - a scroll of noise {unknown}
 h - a scroll of fog {unknown}
 i - a scroll of acquirement {unknown}
 k - a scroll of enchant weapon {unknown}
 l - 5 scrolls of identify {unknown}
 n - a scroll of torment {unknown}
 p - a scroll of summoning {unknown}
Potions
 b - 3 potions of heal wounds {unknown}
 d - a potion of haste
 j - a potion of degeneration {unknown}
 m - a potion of flight {unknown}


   Skills:
 + Level 2.2 Fighting
 - Level 3.4 Dodging
 + Level 3.9 Unarmed Combat
 + Level 2.5 Spellcasting
 + Level 3.6 Transmutations
 + Level 0.8 Poison Magic


You had 2 spell levels left.
You knew the following spells:

 Your Spells              Type           Power      Damage    Failure   Level
a - Beastly Appendage     Tmut           22%        N/A       5%          1
b - Wereblood             Tmut           11%        N/A       9%          2
c - Spider Form           Tmut/Pois      3%         N/A       28%         3

Your spell library contained the following spells:

 Spells                   Type           Power      Damage    Failure   Level
 Ice Form                 Ice/Tmut       6%         N/A       75%         4


Dungeon Overview and Level Annotations

Branches:
Dungeon (3/15)

Altars:

Annotations:
D:2 Ijyb
D:3 Jessica


Innate Abilities, Weirdness & Mutations

((You are quick and stealthy near water. (Stealth+, EV+, Speed+++)))
Your lower body shifts to a powerful aquatic tail in water.


Message History

Look: Jessica, wielding a +0 club and wearing a +0 robe (asleep)
Okay, then.
Unknown command.
Jessica shouts!
Casting: Beastly Appendage (safe; 5% risk of failure)
Confirm with . or Enter, or press ? or * to list all spells.
The spell is quite dangerous to cast (28% risk of failure)!
Continue anyway?
You miscast Spider Form.
You are very lightly contaminated with residual magic.
You feel incredibly sick!
You are poisoned.
You feel sick.
You feel sick.
You feel sick.
You feel sick.
You feel sick.
You are no longer poisoned.
Jessica mumbles some strange words.
Jessica blinks!
Ijyb the Twisted Goblin comes into view.
She is wielding a +0 club and carrying a wand of flame (16).
Ijyb shouts!
You hit Ijyb but do no damage. You hit Ijyb but do no damage.
Ijyb zaps a wand.
The puff of flame hits you! Jessica hits you with a +0 club.
Your magical contamination has completely faded away.
Ijyb closely misses you. Ijyb hits you with a +0 club.
* * * LOW HITPOINT WARNING * * *
Jessica casts a spell.
Jessica seems to speed up.
There is a stone staircase leading up here.
There are no items here.
Unknown command.
Jessica gestures wildly while chanting.
Jessica blinks!
Ijyb hits you with a +0 club!
* * * LOW HITPOINT WARNING * * *
You climb upwards.
There is a stone staircase leading down here.
Ijyb zaps a wand.
The puff of flame hits you.
You die...

#.############.# #.# #.# #.#
#########.# #.# #.........# #.#
#.############# ## #.#
#.#.......#...# .# #.#
#.#.#####.#..## .# #.####.#.#
#.#..# .#############.#@...#.#
#.#..#
.)...............>###.#####.#..#
.###########.#..g..............#
.# #.#........#####.##.##
.####### #.#..................#
.......# #.##############.#####
######.# #.#..............# #
#.# #.####.########### # #.# #.#
#.#


You could see Ijyb.

Vanquished Creatures
  Terence (D:3)
  3 adders
  2 worms
  An orc (D:2)
  5 endoplasms
  A giant cockroach (D:3)
  5 goblins
  4 hobgoblins
  3 jackals (D:2)
  3 kobolds
  2 quokkas
  A bat (D:2)
  3 frilled lizards
  5 rats
39 creatures vanquished.

Vanquished Creatures (others)
  7 plants
7 creatures vanquished.

Grand Total: 46 creatures vanquished

Notes
Turn   | Place    | Note
-------+----------+-------------------------------------------
     0 | D:1      | Gwenloh the Merfolk Transmuter began the quest for the Orb.
     0 | D:1      | Reached XP level 1. HP: 15/15 MP: 3/3
   301 | D:1      | Reached XP level 2. HP: 16/21 MP: 3/5
  1102 | D:1      | Found a faded altar of an unknown god.
  1525 | D:2      | Learned a level 2 spell: Wereblood
  1648 | D:2      | Reached XP level 3. HP: 23/27 MP: 4/6
  2792 | D:2      | Reached XP level 4. HP: 33/33 MP: 5/7
  2796 | D:2      | Learned a level 3 spell: Spider Form
  3204 | D:3      | Noticed Terence
  3401 | D:3      | Killed Terence
  3906 | D:3      | Noticed Jessica
  3918 | D:3      | Noticed Ijyb
  3931 | D:2      | Killed from afar by Ijyb

Illustrated notes

Levels and vault maps discovered:
D:1:      moated_graveyard_arrival, layout_basic,
          dilly_ecumenical_altar_fadedgnrine, minmay_misc_feat_doors,
          hangedman_feature_mirror, minmay_misc_feat_chi, serial_park_tiny_pond,
          hex_large, hangedman_decor_push, minmay_cut_off
D:2:      layout_basic, serial_bayou, serial_bayou_lake_a, serial_bayou_pond_e,
          serial_bayou_ford_a, serial_bayou_shore_a, grunt_decor_resistance
D:3:      layout_basic, general_overflow_altar, uniq_ijyb, uniq_terence,
          uniq_jessica

Skill      XL: |  1  2  3 |
---------------+----------+-----
Dodging        | 3 |  3.4
Transmutations | 3 |  3.6
Fighting       | 2 |  2.2
Unarmed Combat | |  3.9
Spellcasting   | |  2.5
Poison Magic   | |  0.8

Action                   |  1- 3 |  4- 6 || total
-------------------------+-------+-------++-------
Melee: Unarmed           |   106 |    31 ||   137
       Headbutt          |    15 |     2 ||    17
       Tailslap          |     4 |       ||     4
       Punch             |     1 |       ||     1
 Cast: Beastly Appendage |    27 |     5 ||    32
       Wereblood         |     1 |       ||     1
       Spider Form       |       |     1 ||     1
 Abil: End Transformatio |       |     1 ||     1
 Stab: Sleeping          |     2 |       ||     2
Armor: Robe              |     3 |     1 ||     4
Dodge: Dodged            |    54 |    16 ||    70

Table legend: (Time is in decaauts)
 A = Elapsed time spent in this place.
 B = Non-inter-level travel time spent in this place.
 C = Inter-level travel time spent in this place.
 D = Time resting spent in this place.
 E = Time spent auto-exploring this place.
 F = Levels seen in this place.
 G = Mean time per level.
                   A        B        C        D        E       F      G
               +--------+--------+--------+--------+--------+-----+--------+
         Total |   3842 |   3711 |    131 |    867 |   2309 |   3 | 1280.7 |
       Dungeon |   3842 |   3711 |    131 |    867 |   2309 |   3 | 1280.7 |
               +--------+--------+--------+--------+--------+-----+--------+

Top non-repeatable levels by time:
     D:2: 2120 daAuts
     D:1: 1141 daAuts
     D:3: 580 daAuts
